 Dungeon Crawl Stone Soup version 0.16.2-12-gd0ad4c3 (webtiles) character file.

44295 kroki the Severer (level 13, -6/187 HPs)
             Began as a Minotaur Skald on Mar 15, 2016.
             Was the Champion of Trog.
             Mangled by a yak (12 damage)
             ... on level 8 of the Lair of Beasts.
             The game lasted 00:28:49 (22318 turns).

kroki the Severer (Minotaur Skald)                 Turns: 22318, Time: 00:28:49

Health: -6/187     AC: 16    Str: 23    XL:     13   Next: 95%
Magic:  9/9        EV: 17    Int:  9    God:    Trog [******]
Gold:   841        SH:  0    Dex: 19    Spells: 0 memorised, 14 levels left

rFire  x . .     SeeInvis .     j - +8 battleaxe (freeze)
rCold  . . .     Clarity  +     V - +2 scale mail of Ycioc {rF- rC- rN+ Regen+ Dex+5}
rNeg   + . .     SustAb   .     (no shield)
rPois  +         Gourm    .     (helmet restricted)
rElec  .         Spirit   .     r - +1 cloak
rCorr  .         Warding  .     U - +0 pair of gloves
rMut   .         Stasis   .     (no boots)
MR     ++...                    p - amulet of regeneration {+regen, !d}
Stlth  ..........               Z - ring of protection from magic {MR+, !d}
                                E - ring of protection from magic {MR+, !d}

@: berserking, very quick, very resistant to hostile enchantments, extremely
unstealthy
A: retaliatory headbutt, hooves 1, horns 2, icy blue scales 1, clarity, cold
resistance 1, poison resistance
a: Burn Spellbooks, Berserk, Trog's Hand, Brothers in Arms, Renounce Religion


You were on level 8 of the Lair of Beasts.
You worshipped Trog.
Trog was exalted by your worship.
You were not hungry.

You visited 3 branches of the dungeon, and saw 20 of its levels.
You also visited: Sewer.

You collected 1058 gold pieces.
You spent 217 gold pieces at shops.

Inventory:

Hand weapons
 j - a +8 battleaxe of freezing (weapon)
   (Trog gifted it to you on level 4 of the Lair of Beasts)
 o - a +5 executioner's axe of chopping
   (Trog gifted it to you on level 7 of the Lair of Beasts)
 z - a +0 blowgun
   (You took it off a kobold on level 3 of the Dungeon)
 D - a +4 antimagic battleaxe
   (Trog gifted it to you on level 3 of the Lair of Beasts)
Missiles
 C - 79 poisoned needles
Armour
 r - a +1 cloak (worn)
   (You found it on level 2 of the Dungeon)
 U - a +0 pair of gloves (worn)
   (You found it on level 2 of the Lair of Beasts)
 V - the +2 scale mail of Ycioc (worn) {rF- rC- rN+ Regen+ Dex+5}
   (You found it on level 2 of the Lair of Beasts)

   It affects your dexterity (+5).
   It makes you vulnerable to fire.
   It makes you vulnerable to cold.
   It protects you from negative energy.
   It increases your rate of regeneration.
Jewellery
 i - an uncursed ring of invisibility {+Inv, !d}
   (You found it on level 2 of the Lair of Beasts)
 p - an amulet of regeneration (around neck) {+regen, !d}
   (You found it on level 7 of the Lair of Beasts)
 E - a ring of protection from magic (left hand) {MR+, !d}
   (You found it on level 4 of the Dungeon)
 Q - an uncursed ring of fire {rF+, rC-}
   (You found it on level 7 of the Dungeon)
 Z - a ring of protection from magic (right hand) {MR+, !d}
   (You found it on level 7 of the Lair of Beasts)
Magical devices
 b - a wand of digging (15)
   (You found it on level 7 of the Lair of Beasts)
 t - a wand of slowing (28)
   (You found it on level 3 of the Lair of Beasts)
 x - a wand of confusion (39)
   (You found it on level 3 of the Dungeon)
 y - a wand of random effects (20)
   (You found it on level 5 of the Lair of Beasts)
 I - a wand of enslavement (16)
   (You found it on level 5 of the Dungeon)
 J - a wand of teleportation (3)
   (You found it on level 1 of the Lair of Beasts)
 O - a wand of fireball (7)
   (You took it off an orc on level 8 of the Dungeon)
 S - a wand of cold (4)
   (You found it on level 7 of the Dungeon)
 X - a wand of slowing (21)
   (You found it on level 9 of the Dungeon)
 Y - a wand of slowing (25)
   (You found it on level 9 of the Dungeon)
Scrolls
 c - a scroll of enchant weapon
 e - 2 scrolls of remove curse
 f - 5 scrolls of recharging
 l - a scroll of fear
 q - a scroll of summoning
 v - 7 scrolls of teleportation
 w - 2 scrolls of enchant armour
 H - a scroll of identify
 T - 2 scrolls of fog
 W - 3 scrolls of magic mapping {!r}
Potions
 a - 2 potions of might
 d - 4 potions of brilliance
 g - 2 potions of restore abilities
 h - a potion of magic {unknown}
 k - 10 potions of curing
 m - 7 potions of invisibility
 u - 2 potions of agility
 A - 2 potions of flight
 G - a potion of resistance
 M - a potion of cure mutation {!q}
Miscellaneous
 n - a sack of spiders
   (You found it on level 10 of the Dungeon)
 s - a crystal ball of energy
   (You found it on level 7 of the Lair of Beasts)
Comestibles
 F - a meat ration {@e2}
 K - 52 fruits
 L - 7 beef jerkies
 N - 3 bread rations {@e1}
 P - 2 slices of pizza
 R - 6 royal jellies


   Skills:
 + Level 14.4 Fighting
 + Level 18.3 Axes
   Level 1.9(12.5) Maces & Flails
 + Level 12.1 Armour
 + Level 9.5 Dodging
 - Level 1.3 Spellcasting
   Level 2.0 Charms


You had 14 spell levels left.
You didn't know any spells.

Dungeon Overview and Level Annotations

Branches:
Dungeon (11/15)            Temple (1/1) D:4            Lair (8/8) D:10
 Shoals (0/5) Lair:4        Snake (0/5) Lair:5        Slime (0/6) Lair:7
    Orc: D:9-12

Altars:
Ashenzari
Cheibriados
Dithmenos
Elyvilon
Fedhas
Gozag
Kikubaaqudgha
Makhleb
Nemelex Xobeh
Okawaru
Qazlal
Ru
Sif Muna
Trog
Vehumet
Xom
Yredelemnul
Zin
The Shining One
Jiyva

Shops:
D:4 %   D:5 *   D:7 (   D:11 ?

Annotations:
Lair:5 exclusion: oklob plant
Lair:7 exclusion: oklob plant


Innate Abilities, Weirdness & Mutations

You reflexively headbutt those who attack you in melee.
You have a pair of horns on your head.
You have large cloven feet.
You are partially covered in icy blue scales (AC +1).
You possess an exceptional clarity of mind.
Your flesh is cold resistant.
Your system is resistant to poisons.


Message History

Unknown command.
You barely miss the death yak. You headbutt the death yak!
You slash the death yak! You freeze the death yak! You slice the yak!!
You freeze the yak. You slash the death yak! You freeze the death yak.
The yak misses you. The death yak closely misses you.
Unknown command.
You hit the death yak but do no damage. You slash the death yak!
You freeze the death yak. You barely miss the yak. You slice the death yak!!
You freeze the death yak!
The death yak gores you but does no damage.
The death yak gores you!
You take 10 damage, and have 83/124 hp.
Unknown command.
You hit the death yak. You freeze the death yak. You slash the death yak!
You freeze the death yak. You barely miss the yak.
You hit the yak but do no damage. You slash the death yak!
You freeze the death yak. The death yak gores you.
The yak completely misses you. The death yak gores you!
The death yak gores you!
You take 33 damage, and have 50/124 hp.
MASSIVE DAMAGE!!
You slash the death yak! You freeze the death yak.
You kick the death yak, but do no damage.
You headbutt the death yak. You hit the death yak. You freeze the death yak.
You barely miss the yak. You slash the yak! You freeze the yak.
You kill the yak!
Trog accepts your kill.
You hit the death yak but do no damage. The yak closely misses you.
The death yak gores you!!
* * * LOW HITPOINT WARNING * * *
You take 19 damage, and have 31/124 hp.
You hit the death yak but do no damage.
You kick the death yak, but do no damage.
You barely miss the death yak. You slash the yak! You freeze the yak.
You hit the death yak but do no damage. The death yak misses you.
The death yak gores you but does no damage.
The death yak completely misses you.
Unknown command.
You hit the death yak but do no damage. Your kick misses the death yak.
You slice the death yak!! You freeze the death yak. You slash the yak!
You freeze the yak.
You kill the yak!
Trog accepts your kill.
Your Armour skill increases to level 12!
You slice the yak!! You freeze the yak. You hit the death yak.
You freeze the death yak. The death yak gores you!
* * * LOW HITPOINT WARNING * * *
The death yak closely misses you. The death yak barely misses you.
You furiously retaliate!
You headbutt the death yak.
Unknown command.
You take 6 damage, and have 26/124 hp.
Unknown command.
Unknown command.
You hit the death yak but do no damage.
You kick the death yak, but do no damage.
You slash the death yak! You freeze the death yak.
You kill the death yak!
Trog accepts your kill.
You slash the yak! You freeze the yak.
You kill the yak!
Trog accepts your kill.
You hit the death yak. You freeze the death yak.
The death yak closely misses you. You furiously retaliate!
You headbutt the death yak, but do no damage.
The death yak closely misses you.
Unknown command.
You slash the death yak! You freeze the death yak.
You kick the death yak, but do no damage.
You headbutt the death yak, but do no damage.
You slash the adder! You freeze the adder.
You kill the adder!
Trog accepts your kill.
You slice the spiny frog!! You freeze the spiny frog!
You hit the death yak but do no damage. The spiny frog completely misses you.
The death yak gores you!!
* * * LOW HITPOINT WARNING * * *
You take 17 damage, and have 10/125 hp.
Unknown command.
You slash the death yak! You freeze the death yak.
You kill the death yak!
Trog accepts your kill.
You hit the death yak. You freeze the death yak. You slice the spiny frog!!
You freeze the spiny frog.
You kill the spiny frog!
Trog accepts your kill.
Unknown command.
A red film seems to cover your vision as you go berserk!
You feel yourself moving faster!
You feel mighty!
You feel somewhat more hungry. The death yak closely misses you.
The yak gores you!
* * * LOW HITPOINT WARNING * * *
You now have 5/187 hp.
Unknown command.
You slice the death yak!! You freeze the death yak.
You kill the death yak!
Trog accepts your kill.
You slash the yak! You freeze the yak. You slash the yak! You freeze the yak.
Your kick misses the yak. The yak gores you!
You die...

...........##
.....P......# #.....##
...##^.<..P#
............##
............#
P........#...#### #.#
...............###....#.
..............†@†.......
.##..........Y††.....P.
...................P
..................P
.................P
...............
.......##.... ##....#
... ...#


You could see a yak.

Vanquished Creatures
  2 hydras
  3 death yaks (Lair:8)
  Erolcha (D:10)
  A hill giant (D:10)
  An oklob plant (Lair:7)
  4 griffons
  8 elephants
  A guardian serpent (Lair:5)
  16 spiny frogs
  5 black mambas
  8 komodo dragons
  A queen bee (Lair:2)
  5 polar bears
  A boulder beetle (Lair:7)
  Prince Ribbit (D:4)
  A troll (D:10)
  3 two-headed ogres
  26 blink frogs
  3 basilisks
  33 yaks
  A spriggan (Lair:1)
  A wraith (D:10)
  A hungry ghost (D:8)
  2 hippogriffs
  12 swamp worms (Lair:4)
  Edmund (D:6)
  Menkaure (D:4)
  12 wolves
  18 water moccasins
  10 porcupines
  2 orc warriors
  2 ice beasts
  3 sky beasts
  3 ogres
  4 black bears
  A wasp (Lair:1)
  3 boring beetles
  A phantom (D:4)
  9 centaurs
  9 crocodiles
  A big kobold (Sewer)
  A gnoll sergeant (D:9)
  10 giant frogs
  4 scorpions
  15 killer bees (Lair:2)
  5 wights (D:9)
  An electric eel (Lair:2)
  2 crimson imps (D:5)
  12 hounds
  4 goliath beetles
  2 giant frog zombies
  2 centaur zombies
  3 jellies
  11 orc wizards
  3 giant frog skeletons
  7 iguanas
  5 orc priests
  4 worker ants
  A hell rat (Lair:5)
  17 sheep
  A hound zombie (D:6)
  A worker ant zombie (D:8)
  22 adders
  6 gnolls (D:9)
  110 river rats
  5 shadow imps
  9 giant mites
  11 worms
  An adder skeleton (D:9)
  4 giant geckos
  3 oozes
  34 orcs
  3 ball pythons (Sewer)
  A bat zombie (D:5)
  10 giant cockroaches
  17 hobgoblins
  28 kobolds
  12 quokkas
  18 bats
  4 giant newts
  A giant spore (D:6)
  9 goblins
  10 jackals
  22 rats
  2 ballistomycetes (D:6)
  5 fungi
  13 plants
692 creatures vanquished.

Vanquished Creatures (others)
  A giant spore (D:10)
  15 fungi
  8 plants
24 creatures vanquished.

Grand Total: 716 creatures vanquished

Notes
Turn   | Place    | Note
--------------------------------------------------------------
     0 | D:1      | kroki, the Minotaur Skald, began the quest for the Orb.
     0 | D:1      | Reached XP level 1. HP: 18/18 MP: 2/2
   232 | D:1      | Reached skill level 3 in Axes
   289 | D:1      | Reached XP level 2. HP: 25/25 MP: 2/2
   603 | D:1      | Reached skill level 3 in Fighting
   603 | D:1      | Reached XP level 3. HP: 25/31 MP: 3/3
   614 | D:1      | Reached skill level 4 in Axes
  1502 | D:2      | Reached XP level 4. HP: 38/38 MP: 4/4
  2148 | D:3      | Reached skill level 5 in Axes
  2374 | D:3      | Noticed a black bear
  2386 | D:3      | Killed a black bear
  2386 | D:3      | Reached skill level 4 in Fighting
  2386 | D:3      | Reached skill level 6 in Axes
  2386 | D:3      | Reached XP level 5. HP: 32/46 MP: 4/4
  3092 | D:3      | HP: 11/47 [poisoned by a kobold]
  3098 | D:3      | HP: 10/47 [poisoned by a kobold]
  3106 | D:3      | HP: 10/47 [poisoned by a kobold]
  3509 | D:4      | Noticed an ogre
  3515 | D:4      | Found a staircase to the Ecumenical Temple.
  3515 | D:4      | Noticed Prince Ribbit
  3537 | D:4      | Killed Prince Ribbit
  3537 | D:4      | Reached skill level 5 in Fighting
  3537 | D:4      | Reached skill level 7 in Axes
  3537 | D:4      | Reached XP level 6. HP: 22/56 MP: 5/5
  3539 | Temple   | Entered the Ecumenical Temple
  3732 | D:4      | Got a steaming dagger
  3736 | D:4      | Identified the cursed +0 dagger of Ointment {vamp, MP+9} (You found it on level 4 of the Dungeon)
  3796 | D:4      | Reached XP level 7. HP: 61/61 MP: 6/6
  3829 | D:4      | Killed an ogre
  3829 | D:4      | Reached skill level 8 in Axes
  3923 | D:4      | Found a glowing drain.
  3927 | Sewer    | Entered a sewer
  4031 | Sewer    | Reached skill level 6 in Fighting
  4462 | D:4      | Found Clamaed's Food Boutique.
  4621 | D:4      | Noticed a phantom
  4676 | D:4      | Killed a phantom
  4676 | D:4      | Reached skill level 9 in Axes
  4757 | D:4      | Noticed Menkaure
  4771 | D:4      | Killed Menkaure
  4877 | D:4      | Noticed a centaur
  4884 | D:4      | Killed a centaur
  4884 | D:4      | Reached XP level 8. HP: 62/71 MP: 6/6
  4888 | D:4      | Found a bloodstained altar of Trog.
  4903 | D:4      | Found a shadowy altar of Dithmenos.
  4909 | D:4      | Found a deep blue altar of Sif Muna.
  4930 | D:4      | Found a white marble altar of Elyvilon.
  4938 | D:4      | Found a glowing golden altar of the Shining One.
  4945 | D:4      | Found a shattered altar of Ashenzari.
  4951 | D:4      | Found a basalt altar of Yredelemnul.
  5128 | D:5      | Entered Level 5 of the Dungeon
  5174 | D:5      | Reached skill level 7 in Fighting
  5275 | D:5      | Reached skill level 10 in Axes
  5752 | D:5      | Found Xourromio's Assorted Antiques.
  5759 | D:5      | Bought a scroll labeled SHRYIN YWIYDEZI for 19 gold pieces
  5759 | D:5      | Bought a scroll labeled ORAVIRY TYUTUAT for 19 gold pieces
  5759 | D:5      | Bought a scroll labeled SHRYIN YWIYDEZI for 19 gold pieces
  5759 | D:5      | Bought a jewelled gold wand for 76 gold pieces
  5835 | D:5      | Found a shadowy altar of Dithmenos.
  6328 | D:4      | Became a worshipper of Trog the Wrathful
  6510 | D:6      | Reached skill level 8 in Fighting
  6530 | D:6      | Reached skill level 11 in Axes
  7143 | D:6      | Reached XP level 9. HP: 82/82 MP: 7/7
  7211 | D:6      | Found an ancient bone altar of Kikubaaqudgha.
  7362 | D:6      | Noticed Edmund
  7379 | D:6      | Killed Edmund
  7533 | D:6      | Acquired Trog's first power
  7728 | D:7      | Reached skill level 12 in Axes
  7796 | D:7      | HP: 19/82 [goliath beetle (19)]
  8347 | D:7      | Reached skill level 9 in Fighting
  8347 | D:7      | Reached skill level 2 in Armour
  8799 | D:7      | Acquired Trog's second power
  8881 | D:7      | Found Mumniost's Antique Weapon Emporium.
  8923 | D:7      | Reached skill level 3 in Armour
  9479 | D:8      | Reached skill level 13 in Axes
  9617 | D:8      | Reached skill level 4 in Armour
  9924 | D:8      | Reached XP level 10. HP: 85/93 MP: 7/7
 10279 | D:9      | Reached skill level 10 in Fighting
 10396 | D:9      | Reached skill level 5 in Armour
 10534 | D:9      | Acquired Trog's third power
 11161 | D:10     | Entered Level 10 of the Dungeon
 11200 | D:10     | Reached skill level 14 in Axes
 11369 | D:10     | Noticed an elephant
 11369 | D:10     | Found a staircase to the Lair.
 11378 | D:10     | Killed an elephant
 11378 | D:10     | Reached skill level 6 in Armour
 11800 | D:10     | Noticed a hill giant
 11832 | D:10     | Killed a hill giant
 11832 | D:10     | Reached skill level 11 in Fighting
 11880 | D:10     | Noticed Erolcha
 11886 | D:10     | Killed Erolcha
 11886 | D:10     | Reached skill level 15 in Axes
 11886 | D:10     | Reached XP level 11. HP: 102/102 MP: 8/8
 12157 | D:11     | Reached skill level 7 in Armour
 12232 | D:11     | Found Kein's Magic Scroll Boutique.
 12244 | D:11     | Reached skill level 2 in Dodging
 12289 | D:11     | Bought a scroll of identify for 28 gold pieces
 12289 | D:11     | Bought a scroll of identify for 28 gold pieces
 12289 | D:11     | Bought a scroll of identify for 28 gold pieces
 12330 | D:11     | Gained mutation: Your body is slowly deteriorating. [potion of mutation]
 12330 | D:11     | Gained mutation: You possess an exceptional clarity of mind. [potion of mutation]
 12330 | D:11     | Gained mutation: You evolve. [potion of mutation]
 12360 | D:11     | Lost mutation: Your body is slowly deteriorating. [evolution]
 12392 | Lair:1   | Entered Level 1 of the Lair of Beasts
 13003 | Lair:1   | Reached skill level 3 in Dodging
 13181 | Lair:1   | Noticed a spriggan rider
 13192 | Lair:1   | Received a gift from Trog
 13195 | Lair:1   | Killed a spriggan
 13198 | Lair:1   | Killed a wasp
 13261 | Lair:1   | Gained mutation: Your system is resistant to poisons. [evolution]
 13311 | Lair:1   | HP: 22/102 [blink frog (10)]
 13319 | Lair:1   | HP: 11/102 [blink frog (8)]
 13325 | Lair:1   | HP: 19/103 [blink frog (8)]
 13606 | Lair:1   | Reached skill level 8 in Armour
 13793 | Lair:1   | Reached skill level 16 in Axes
 13802 | Lair:1   | Reached skill level 4 in Dodging
 13953 | Lair:1   | Received a gift from Trog
 14402 | Lair:1   | Gained mutation: You have large cloven feet. [evolution]
 14688 | Lair:2   | Reached skill level 12 in Fighting
 14703 | Lair:2   | Reached XP level 12. HP: 67/112 MP: 3/9
 14755 | Lair:2   | Reached skill level 5 in Dodging
 14792 | Lair:2   | Received a gift from Trog
 15003 | Lair:2   | Got an encrusted scale mail
 15104 | Lair:2   | Identified the +2 scale mail of Ycioc {rF- rC- rN+ Regen+ Dex+5} (You found it on level 2 of the Lair of Beasts)
 15320 | Lair:2   | Reached skill level 9 in Armour
 16334 | Lair:3   | Reached skill level 17 in Axes
 16518 | Lair:3   | Received a gift from Trog
 16522 | Lair:3   | Reached skill level 6 in Dodging
 16712 | Lair:4   | Found a staircase to the Shoals.
 17503 | Lair:4   | Reached skill level 1 in Maces & Flails
 17839 | Lair:4   | Received a gift from Trog
 18144 | Lair:4   | Reached skill level 10 in Armour
 18451 | Lair:4   | Noticed a five-headed hydra
 18460 | Lair:4   | Killed an eight-headed hydra
 18525 | Lair:4   | Gained mutation: Your flesh is cold resistant. [evolution]
 18595 | Lair:4   | Reached skill level 13 in Fighting
 18609 | Lair:4   | Reached skill level 7 in Dodging
 18774 | Lair:5   | Received a gift from Trog
 18927 | Lair:5   | Found a staircase to the Snake Pit.
 19247 | Lair:5   | Reached XP level 13. HP: 102/122 MP: 9/9
 19863 | Lair:6   | Reached skill level 11 in Armour
 19865 | Lair:6   | Received a gift from Trog
 20339 | Lair:6   | Reached skill level 8 in Dodging
 20846 | Lair:7   | Reached skill level 18 in Axes
 21288 | Lair:7   | Reached skill level 14 in Fighting
 21317 | Lair:7   | Received a gift from Trog
 21702 | Lair:7   | Reached skill level 9 in Dodging
 22067 | Lair:7   | Found a viscous altar of Jiyva.
 22067 | Lair:7   | Found a staircase to the Slime Pits.
 22184 | Lair:7   | Gained mutation: You are partially covered in icy blue scales (AC +1). [evolution]
 22184 | Lair:7   | Lost mutation: You evolve. [end of evolution]
 22188 | Lair:8   | Entered Level 8 of the Lair of Beasts
 22310 | Lair:8   | HP: 31/124 [death yak (19)]
 22312 | Lair:8   | Reached skill level 12 in Armour
 22314 | Lair:8   | HP: 10/125 [death yak (18)]
 22318 | Lair:8   | Mangled by a yak

Action                   |  1- 3 |  4- 6 |  7- 9 | 10-12 | 13-15 || total
-------------------------+-------+-------+-------+-------+-------++-------
Melee: Hand axe          |   101 |   122 |   587 |   159 |       ||   969
       War axe           |       |       |       |   246 |       ||   246
       Battleaxe         |       |       |       |   307 |   253 ||   560
       Demon whip        |       |       |       |   100 |       ||   100
 Fire: Blowgun           |       |       |     2 |    10 |       ||    12
Throw: Tomahawk          |    30 |     2 |    94 |    80 |       ||   206
       Javelin           |       |       |       |    63 |       ||    63
Invok: Berserk           |       |       |     2 |    15 |     2 ||    19
       Trog's Hand       |       |       |       |     3 |       ||     3
       Burn Spellbooks   |       |       |       |     1 |     3 ||     4
Evoke: Wand              |       |     9 |       |     1 |       ||    10
  Use: Scroll            |       |    10 |     5 |    16 |     1 ||    32
       Potion            |       |       |       |    11 |       ||    11
 Stab: Confused          |       |     2 |       |       |       ||     2
  Eat: Bread ration      |     1 |     1 |     1 |     7 |     2 ||    12
       Meat ration       |     1 |       |     2 |     2 |       ||     5
       Pizza             |       |       |     1 |     3 |       ||     4
       Chunk             |       |       |     2 |     4 |       ||     6
       Beef jerky        |       |       |     2 |     1 |       ||     3
       Fruit             |       |       |       |     1 |       ||     1
       Royal jelly       |       |       |       |     2 |       ||     2

Vault maps used:
D:1:      grunt_arrival_crossed_arrows
D:2:      kennysheep_generic_room_12
D:3:      first_bread
D:4:      erik_ogre, grunt_temple_overflow_octagram, temple_doors_a,
          enter_ossuary_1, gup_sewer_entry_spiral, serial_shops, shop_coins,
          uniq_prince_ribbit1, uniq_menkaure
D:5:      serial_shops, shop, st_stairs_2, grunt_dithmenos_shadows
D:6:      lemuel_doored_altar, serial_corexii_hall, corexii_hall_statues_x,
          corexii_hall_statues_l, uniq_edmund
D:7:      serial_shops, shop
D:8:      serial_glass, glass_columns_b, glass_columns_b, glass_columns_a,
          glass_columns_a, glass_columns_a, glass_columns_a, glass_columns_b,
          glass_columns_a, glass_columns_c, glass_columns_a, glass_columns_a,
          glass_columns_a, glass_columns_b, glass_columns_b
D:10:     david_lair_generic, uniq_erolcha
D:11:     serial_shops, shop, blue_anna_alchemist, minmay_misc_feat_plants
Temple:   triangle_lava_temple_11
Lair:1:   beast_lair_carwin_large_2, grunt_forest_large_clearings,
          infiniplex_staircase_pool_2
Lair:2:   beast_lair_carwin_large_1, special_room, nicolae_quartered_pool_medium
Lair:3:   minivault_26, minivault_24, st_stairs_5, infiniplex_staircase_pool,
          lemuel_fruit_fields
Lair:4:   minmay_shoals_entry_centaurs, worms_lemuel
Lair:5:   kennysheep_abandoned_house, minmay_snake_entry_spellcaster,
          dpeg_oklob_1
Lair:6:   st_stairs_12, roderic_lost_polar_bear, serial_bayou_shore_a,
          serial_bayou_shore_b
Lair:7:   dpeg_oklob_shooting_range, dpeg_slime_entry_enclosed_altar
Lair:8:   due_jungle_book, fungi_pond_lemuel, serial_bayou_shore_b
Sewer:    kennysheep_pipe_town

Table legend:
 A = Turns spent in this place as a percentage of turns spent in the entire game.
 B = Non-inter-level travel turns spent in this place as a percentage of non-inter-level travel turns spent in the entire game.
 C = Inter-level travel turns spent in this place as a percentage of turns spent in this place.
 D = Turns resting spent in this place as a percentage of non-inter-level travel turns spent in this place.
 E = Turns spent auto-exploring this place as a percentage of non-inter-level travel turns spent in this place.
 F = Non-inter-level travel turns spent in this place divided by the number of levels of this place that you've seen.
                   A       B       C       D       E      F
               +-------+-------+-------+-------+-------+----------------------
         Total | 100.0 | 100.0 |   0.4 |   1.7 |   9.5 | 582.0
       Dungeon |  52.1 |  52.1 |   0.4 |   1.8 |   9.9 | 579.0
        Temple |   0.5 |   0.5 |   1.6 |   0.0 |   0.0 |  61.0
          Lair |  45.0 |  45.0 |   0.4 |   1.6 |   9.0 | 687.1
         Sewer |   2.4 |   2.4 |   0.0 |   0.0 |  13.2 | 295.0
               +-------+-------+-------+-------+-------+----------------------

Table legend:
 A = Kills in this place as a percentage of kills in entire the game.
 B = Kills by you in this place as a percentage of kills by you in the entire game.
 C = Kills by friends in this place as a percentage of kills by friends in the entire game.
 D = Other kills in this place as a percentage of other kills in the entire game.
 E = Experience gained in this place as a percentage of experience gained in the entire game.
 F = Experience gained in this place divided by the number of levels of this place that you have seen.
                   A       B       C       D       E      F
               +-------+-------+-------+-------+-------+----------------------
         Total | 100.0 | 100.0 |  -nan |  -nan | 100.0 | 3013.3
       Dungeon |  42.5 |  42.5 |  -nan |  -nan |  20.0 | 1152.3
          Lair |  53.9 |  53.9 |  -nan |  -nan |  79.7 | 6307.6
         Sewer |   3.6 |   3.6 |  -nan |  -nan |   0.2 | 143.0
               +-------+-------+-------+-------+-------+----------------------
